 Seeded DCSS version 0.30-a0-808-g6e0788376e (webtiles) character file.

Game seed: 13768840450151565059 (custom seed)

240946 hikkokomori the Warrior (level 19, -15/124 HPs)
             Began as a Gargoyle Earth Elementalist on Feb 24, 2023.
             Was an Initiate of Gozag.
             Demolished by a white very ugly thing (34 damage)
             ... on level 1 of the Vaults on Feb 26, 2023.
             The game lasted 01:58:25 (45295 turns).

hikkokomori the Warrior (GrEE)                     Turns: 45295, Time: 01:58:26

Health: -15/124    AC: 34    Str: 11    XL:     19   Next: 34%
Magic:  42/42      EV: 17    Int: 31    God:    Gozag
Gold:   4810       SH:  0    Dex:  8    Spells: 2/39 levels left

rFire   + + +      SeeInvis .      - Unarmed
rCold   . . .      Faith    .    (shield currently unavailable)
rNeg    + . .      Spirit   .    O - +6 ring mail of Taemil {rF+++ Str-3 Dex-2 Slay+2}
rPois   ∞          Reflect  .    q - +0 helmet
rElec   +          Harm     .    t - +1 cloak
rCorr   +          Rampage  .    (gloves currently unavailable)
Will    .....                    p - +2 pair of boots {Stlth+}
Stlth   +++++                    W - amulet "Ikojuf" {RegenMP Will- rCorr Int+3 Dex+3}
HPRegen 0.40/turn                m - ring "Taaluz" {MP+9 Int+6 Dex-3 Slay+3}
MPRegen 0.68/turn                u - +5 ring of evasion

@: blade hands, gold aura, flying
A: flying, sickness immunity, AC +14, big wings, negative energy resistance 1,
electricity resistance, torment resistance 1, petrification resistance
}: 2/15 runes: decaying, gossamer
a: End Transformation, Renounce Religion, Potion Petition, Call Merchant, Bribe
Branch


You were on level 1 of the Vaults.
You worshipped Gozag.
Gozag was most pleased with you.
You had blades for hands.
You visited 7 branches of the dungeon, and saw 32 of its levels.
You also visited: Sewer.

You collected 12925 gold pieces.
You spent 6770 gold pieces at shops.
You paid 1345 gold pieces to Gozag.

Inventory:

Hand Weapons
 J - the +8 broad axe of Duty {freeze, rElec rPois rN+ Dex+3}
   (You found it on level 7 of the Dungeon)

   Dex:       It affects your dexterity (+3).
   rElec:     It insulates you from electricity.
   rPois:     It protects you from poison.
   rN:        It protects you from negative energy.
Missiles
 N - 3 throwing nets
Armour
 p - a +2 pair of boots of stealth (worn)
 q - a +0 helmet (worn)
 s - the +4 robe of Folly {Brill Will-∞ Int+8}
   (You bought it in a shop on level 2 of the Orcish Mines)

   Brill:     It increases the power of your magical spells and halves their MP
   cost (rounding up).
   Will-∞: It reduces your willpower to zero.
   Int:       It affects your intelligence (+8).
 t - a +1 cloak (worn)
 K - the +3 pair of seven-league boots {Rampage+∞}
   (You found it on level 4 of the Spider Nest)

   Rampage+∞: When moving toward enemies, its wearer moves as far as possible.
 O - the +6 ring mail of Taemil (worn) {rF+++ Str-3 Dex-2 Slay+2}
   (You found it on level 9 of the Dungeon)

   Str:       It affects your strength (-3).
   Dex:       It affects your dexterity (-2).
   Slay:      It affects your accuracy & damage with ranged weapons and melee
   (+2).
   rF:        It renders you almost immune to fire.
 S - the +2 pair of gloves of Duty (melded) {*Slow rC+ Dex+3}
   (You acquired it on level 1 of the Swamp)

   Dex:       It affects your dexterity (+3).
   rC:        It protects you from cold.
   *Slow:     It may slow you when you take damage.
 T - the +1 shadow dragon scales "Poiprir" {rC+ Stlth++++}
   (You bought it in a shop on level 1 of the Dungeon)

   rC:        It protects you from cold.
   Stlth:     It makes you much more stealthy.
Magical Staves
 E - a staff of earth (melded)
Jewellery
 m - the ring "Taaluz" (left blade hand) {MP+9 Int+6 Dex-3 Slay+3}
   (You acquired it on level 15 of the Dungeon)

   [ring of intelligence]

   Int:       It affects your intelligence (+6).
   Dex:       It affects your dexterity (-3).
   Slay:      It affects your accuracy & damage with ranged weapons and melee
   (+3).
   MP:        It affects your magic capacity (+9).
 u - a +5 ring of evasion (right blade hand)
 C - a +4 ring of protection
 G - a ring of protection from fire
 U - an amulet of reflection
 V - a ring of see invisible
 W - the amulet "Ikojuf" (around neck) {RegenMP Will- rCorr Int+3 Dex+3}
   (You bought it in a shop on level 5 of the Lair of Beasts)

   [amulet of magic regeneration]

   It increases your rate of magic regeneration.
   Int:       It affects your intelligence (+3).
   Dex:       It affects your dexterity (+3).
   rCorr:     It protects you from acid and corrosion.
   Will:      It decreases your willpower.
Wands
 a - a wand of polymorph (26)
 e - a wand of charming (17)
 y - a wand of roots (12)
 Q - a wand of flame (30)
 Y - a wand of mindburst (29)
 Z - a wand of acid (5)
Scrolls
 c - 9 scrolls of fog
 d - 4 scrolls of enchant armour
 f - a scroll of blinking
 h - 7 scrolls of teleportation
 i - 23 scrolls of identify
 l - 3 scrolls of torment
 v - 4 scrolls of enchant weapon
 D - a scroll of amnesia
 H - 4 scrolls of poison
 I - 6 scrolls of fear
 L - 4 scrolls of magic mapping
 X - 2 scrolls of summoning
Potions
 b - 4 potions of magic
 g - 15 potions of curing
 j - 6 potions of lignification
 n - 3 potions of berserk rage
 o - 4 potions of resistance
 r - 4 potions of haste
 w - 14 potions of ambrosia
 x - 5 potions of might
 z - 4 potions of cancellation
 A - 5 potions of heal wounds
 B - a potion of invisibility
 F - 3 potions of attraction
 M - 5 potions of brilliance
 P - 5 potions of mutation
Miscellaneous
 k - a lightning rod (4/4)
 R - a condenser vane


   Skills:
 - Level 15.0 Fighting
 - Level 7.8 Armour
 - Level 7.1 Dodging
 - Level 12.2 Stealth
 + Level 14.6 Unarmed Combat
 - Level 10.5 Spellcasting
 + Level 11.3 Conjurations
 + Level 6.6 Summonings
 - Level 10.2 Transmutations
 - Level 4.1 Ice Magic
 + Level 3.6 Air Magic
 - Level 13.7 Earth Magic
 - Level 4.0 Poison Magic
 + Level 5.8 Evocations


You had 2 spell levels left.
You knew the following spells:

 Your Spells              Type           Power      Damage    Failure   Level
a - Sandblast             Erth           100%       2d20      4%          1
b - Alistair's Intoxicat  Tmut/Pois      38%        N/A       45%         5
c - Petrify               Tmut/Erth      74%        N/A       12%         4
d - Blade Hands           Tmut           34%        N/A       24%         5
e - Iron Shot             Conj/Erth      38%        9d8       36%         6
f - Swiftness             Air            38%        N/A       30%         3
g - Freezing Cloud        Conj/Ice/Air   27%        6-21      52%         5
h - Ice Form              Ice/Tmut       57%        N/A       26%         4
i - Summon Lightning Spi  Summ/Air       48%        N/A       41%         4

Your spell library contained the following spells:

 Spells                   Type           Power      Damage    Failure   Level
 Passwall                 Tmut/Erth      61%        N/A       6%          2
 Shock                    Conj/Air       100%       1d9       10%         1
 Kiss of Death            Conj/Necr      100%       2d13      13%         1
 Ensorcelled Hibernation  Hex/Ice        58%        N/A       30%         2
 Necrotise                Necr           64%        1d7       36%         1
 Lesser Beckoning         Tloc           32%        N/A       45%         2
 Scorch                   Fire           32%        2d7       45%         2
 Stone Arrow              Conj/Erth      100%       3d13      7%          3
 Lee's Rapid Deconstruct  Erth           39%        3d19*     13%         5
 Hailstorm                Conj/Ice       59%        3d13      14%         3
 Animate Armour           Summ/Erth      100%       N/A       14%         4
 Spider Form              Tmut/Pois      57%        N/A       16%         3
 Iskenderun's Battlesphe  Conj           72%        2d12      19%         5
 Dazzling Flash           Conj/Hex       100%       N/A       21%         3
 Frozen Ramparts          Ice            82%        1d13      28%         3
 Ozocubu's Armour         Ice            41%        N/A       28%         3
 Leda's Liquefaction      Hex/Erth       28%        N/A       28%         4
 Flame Wave               Conj/Fire      51%        2d13      36%         4
 Iskenderun's Mystic Bla  Conj/Tloc      51%        2d11      36%         4
 Summon Ice Beast         Ice/Summ       49%        N/A       38%         4
 Borgnjor's Vile Clutch   Necr/Erth      28%        N/A       47%         5
 Airstrike                Air            19%        2d(3-19)  54%         4
 Fireball                 Conj/Fire      25%        3d11      58%         5
 Confusing Touch          Hex            16%        N/A       61%         3
 Gell's Gravitas          Tloc           16%        N/A       61%         3
 Inner Flame              Hex/Fire       16%        N/A       61%         3
 Portal Projectile        Hex/Tloc       32%        N/A       61%         3
 Teleport Other           Tloc           16%        N/A       61%         3
 Tukima's Dance           Hex            16%        N/A       61%         3
 Yara's Violent Unravell  Hex/Tmut       24%        3d11      65%         5
 Conjure Ball Lightning   Conj/Air       29%        3x3d8     82%         6
 Orb of Destruction       Conj           36%        9d11      85%         7
 Summon Cactus Giant      Summ           27%        N/A       88%         6
 Anguish                  Hex/Necr       8%         N/A       89%         4
 Cause Fear               Hex            8%         N/A       89%         4
 Dispel Undead            Necr           16%        3d10      89%         4
 Silence                  Hex/Air        13%        N/A       93%         5
 Starburst                Conj/Fire      25%        6d8       95%         6
 Death Channel            Necr           8%         N/A       100%        6
 Malign Gateway           Summ/Tloc      18%        N/A       100%        7
 Ozocubu's Refrigeration  Ice            20%        4d12      100%        7
 Storm Form               Tmut/Air       28%        N/A       100%        7
 Discord                  Hex            8%         N/A       100%        8
 Necromutation            Tmut/Necr      24%        N/A       100%        8
 Summon Horrible Things   Summ           27%        N/A       100%        8
 Statue Form              Tmut/Erth      Unusable   N/A       N/A         6
 Animate Dead             Necr           Unusable   N/A       N/A         4
 Simulacrum               Ice/Necr       Unusable   N/A       N/A         6

Dungeon Overview and Level Annotations

Branches:
Dungeon (15/15)            Temple (1/1) D:7            Lair (5/5) D:10
  Swamp (4/4) Lair:3       Spider (4/4) Lair:2        Slime (0/5) Lair:4
    Orc (2/2) D:9             Elf (0/3) Orc:2        Vaults (1/5) D:13
 Depths (0/4) D:15          Sewer (visited)

Altars:
Ashenzari
Cheibriados
Dithmenos
Elyvilon
Fedhas
Gozag
Hepliaklqana
Kikubaaqudgha
Makhleb
Nemelex Xobeh
Okawaru
Qazlal
Ru
Sif Muna
Trog
Uskayaw
Vehumet
Wu Jian
Xom
Yredelemnul
Zin
The Shining One
Jiyva

Shops:
D:1 *   D:6 (*[   D:13 !   D:15 :   Orc:1 ?   Orc:2 ((!([   Lair:5 =

Annotations:
D:4 3 runed translucent doors, pigah's ghost, amateur OpWn
D:14 3 runed translucent doors, Ricoe's ghost, journeyman FoFi
Orc:1 3 runed translucent doors, Wuckunn's ghost, adept TrMo


Innate Abilities, Weirdness & Mutations

You have blades for hands.
You are flying.
Your spellcasting is less reliable in this form.
You are incapable of wielding weapons or throwing items.
You are immune to sickness and miasma.
Your stone body is resilient. (AC +14)
You are immune to poison.
Your large and strong wings let you fly.
You resist negative energy. (rN+)
You are resistant to electric shocks. (rElec)
You are resistant to unholy torment.
You are immune to petrification.


Message History

You slash the purple very ugly thing! You slash the purple very ugly thing!!
The purple very ugly thing is moderately wounded.
The white very ugly thing closely misses you.
You completely miss the purple very ugly thing.
The purple very ugly thing is moderately wounded.
The purple very ugly thing barely misses you.
The white very ugly thing barely misses you.
You slice the purple very ugly thing!! You slash the purple very ugly thing!!
The purple very ugly thing is severely wounded.
The purple very ugly thing tail-slaps you!
You slash the purple very ugly thing! x2
You kill the purple very ugly thing!
The white very ugly thing punches you but does no damage.
You slice the white very ugly thing!!
The white very ugly thing is moderately wounded.
The white very ugly thing is distracted by your dazzling golden aura.
The white very ugly thing gurgles horribly!
You slash the white very ugly thing!
The white very ugly thing is no longer distracted by gold.
The white very ugly thing is heavily wounded.
The white very ugly thing punches you! The white very ugly thing freezes you!!
* * * LOW HITPOINT WARNING * * *
A white very ugly thing is nearby!
A white very ugly thing is nearby!
You are too injured to fight recklessly!
You slice the white very ugly thing!!
The white very ugly thing is heavily wounded.
You hit the white very ugly thing.
The white very ugly thing is severely wounded.
The white very ugly thing punches you but does no damage.
You barely miss the white very ugly thing.
The white very ugly thing is severely wounded.
The white very ugly thing barely misses you.
You slice the white very ugly thing!!
The white very ugly thing is almost dead.
The white very ugly thing punches you!
* * * LOW HITPOINT WARNING * * *
The white very ugly thing freezes you!!
You die...
Your body crumbles into a pile of gold.

#################################
.................................
.................................
######'##########'####....#######
....[.....# #..$@..# #....#......
..........# #..$u..# #....#.....>
..........# #......# #....#......
..........# #......# #....'......
..........# #......# #....#......
..........# #......# #....#......
.....>....# ######## #....#######
..........# #....# ..........#
#....#


You could see a white very ugly thing.

Vanquished Creatures
  A bone dragon (Swamp:4)
  Arachne (Spider:4)
  Rupert (Orc:1)
  Jorgrun (Swamp:3)
  2 thorn hunters (Swamp:4)
  Kirke (Lair:3)
  2 fenstrider witches
  Aizul (Spider:4)
  8 ghost moths
  2 emperor scorpions
  3 ironbound preservers (Vaults:1)
  2 ghouls (Swamp:4)
  An orc warlord (Orc:1)
  2 broodmothers (Spider:4)
  3 very ugly things (Vaults:1)
  7 eleionomae
  5 bunyips
  A dire elephant (Vaults:1)
  4 spark wasps
  A fire dragon (D:15)
  3 yaktaur captains (Vaults:1)
  11 hydras
  6 entropy weavers
  3 great orbs of eyes (Vaults:1)
  2 vault guards (D:13)
  3 jorogumos
  4 catoblepae
  3 ironbound frosthearts (Vaults:1)
  5 two-headed ogres
  3 ghost crabs (Swamp:4)
  6 centaur warriors
  A radroach (Spider:2)
  11 death yaks
  An ogre mage (D:15)
  10 alligators
  A vampire mage (D:15)
  4 boulder beetles
  2 tengu warriors
  2 skysharks
  10 skeletal warriors
  3 spriggans
  6 pharaoh ants
  4 goliath frogs
  10 deep trolls (Vaults:1)
  Amaemon (Lair:1)
  7 bog bodies
  4 spriggan druids
  9 orb spiders
  A golden dragon zombie (D:15)
  4 sun moths
  4 swamp dragons
  A spark wasp zombie (D:15)
  3 lindwurms (Vaults:1)
  6 steelbarb worms
  2 necromancers
  13 orc knights
  2 wizards (D:13)
  An ironbound convoker (Vaults:1)
  A phantasmal warrior (Swamp:4)
  2 oklob plants
  2 deep elf pyromancers
  15 wolf spiders
  8 ugly things
  2 will-o-the-wisps (Swamp:2)
  10 manticores
  3 orc sorcerers
  3 cyclopes
  An elephant (D:10)
  7 moths of wrath
  6 vault sentinels (Vaults:1)
  Maurice (D:10)
  A guardian serpent (shapeshifter) (D:14)
  3 torpor snails
  3 black mambas
  A gargoyle (D:13)
  6 cane toads
  10 demonic crawlers
  An orange demon (Lair:1)
  3 swamp worm zombies (Swamp:4)
  12 yaktaurs
  5 rime drakes
  A nameless horror (D:6)
  8 komodo dragons
  A tengu conjurer (D:15)
  A queen bee (Lair:4)
  4 hydra zombies (Swamp:4)
  3 meliai (Lair:4)
  5 trolls
  11 polar bears
  3 hornets
  3 bloated husks
  3 tyrant leeches
  5 alligator zombies (Swamp:4)
  31 tarantellas
  4 spectral swamp dragons (Swamp:4)
  An ettin zombie (D:15)
  20 slime creatures
  40 jumping spiders
  10 culicivoras
  3 wraiths
  A water elemental (D:14)
  2 shadows
  2 vampires
  65 yaks
  19 humans (D:13)
  4 hogs (Lair:3)
  9 basilisks
  7 wyverns
  67 redbacks
  4 steam dragons
  12 vampire mosquitoes
  10 wargs
  A human zombie (D:15)
  17 swamp worms
  A two-headed ogre zombie (D:9)
  11 water moccasins
  Duvessa (D:7)
  A swamp drake (Swamp:1)
  40 orc warriors
  2 sky beasts
  3 swamp dragon zombies (Swamp:4)
  8 black bears
  2 ice beasts
  6 ogres
  5 boggarts (Vaults:1)
  4 wolves
  8 centaurs
  3 phantoms
  2 kobold brigands
  18 bullfrogs
  5 necrophages
  A gnoll sergeant (D:7)
  4 scorpions
  A troll zombie (D:9)
  28 killer bees
  2 vampire bats (Lair:5)
  6 electric eels
  7 howler monkeys
  2 hounds
  3 jellies
  Crazy Yiuf (D:2)
  11 orc priests
  2 gnoll boudas
  Ijyb (D:3)
  2 iguanas (D:6)
  15 orc wizards
  2 spectral swamp drakes (Swamp:4)
  6 ogre zombies (D:9)
  Robin (D:2)
  20 gnolls
  15 adders
  2 swamp drake zombies (Swamp:4)
  2 ufetubi (D:5)
  A worm (D:3)
  3 dart slugs
  93 orcs
  12 ball pythons
  6 endoplasms
  8 giant cockroaches
  15 goblins
  7 hobgoblins
  18 kobolds
  8 quokkas
  14 bats
  8 frilled lizards
  3 goblin skeletons (D:9)
  2 goblin zombies (D:9)
  3 hobgoblin zombies (D:9)
  5 orc skeletons (D:9)
  12 orc zombies (D:9)
  5 rats
  2 butterflies (Lair:5)
1183 creatures vanquished.

Vanquished Creatures (collateral kills)
  A troll (Orc:1)
  4 orc warriors (Orc:2)
  2 black bears (D:6)
  A boggart (Vaults:1)
  Dowan (D:7)
  An orc wizard (Orc:2)
  9 orcs
19 creatures vanquished.

Vanquished Creatures (others)
  An alligator (Swamp:4)
  A troll (Orc:1)
  A bloated husk (Swamp:4)
  An orc warrior (Orc:2)
  5 phantoms (Swamp:4)
  9 fungi
  22 plants
  A withered plant (D:15)
41 creatures vanquished.

Grand Total: 1243 creatures vanquished

Notes
Turn   | Place    | Note
-------+----------+-------------------------------------------
     0 | D:1      | hikkokomori the Gargoyle Earth Elementalist began the quest
                  | for the Orb.
     0 | D:1      | Reached XP level 1. HP: 10/10 MP: 3/3
    74 | D:1      | Reached XP level 2. HP: 16/16 MP: 0/5
   232 | D:1      | Found Botoj's Assorted Antiques.
   314 | D:1      | Reached skill level 1 in Fighting
   543 | D:1      | Reached XP level 3. HP: 20/20 MP: 2/6
  1132 | D:2      | Found a faded altar of an unknown god.
  1265 | D:2      | Reached XP level 4. HP: 25/25 MP: 1/7
  1447 | D:2      | Found a runed translucent door.
  1448 | D:2      | Noticed Crazy Yiuf
  1719 | D:2      | Reached skill level 5 in Earth Magic
  1833 | D:2      | Noticed Robin
  1905 | D:2      | Reached skill level 2 in Fighting
  1908 | D:2      | Killed Robin
  2106 | D:2      | Killed Crazy Yiuf
  2107 | D:2      | Reached XP level 5. HP: 25/30 MP: 2/8
  2193 | D:1      | Bought a pair of gloves for 126 gold pieces
  2343 | D:3      | Found a glowing drain.
  2354 | Sewer    | Entered a sewer
  2359 | Sewer    | Learned a level 3 spell: Stone Arrow
  2364 | Sewer    | Learned a level 4 spell: Petrify
  2414 | Sewer    | Reached skill level 1 in Transmutations
  2687 | Sewer    | Reached XP level 6. HP: 36/36 MP: 5/9
  2690 | Sewer    | Reached skill level 3 in Fighting
  3179 | D:3      | Identified the +2 ring mail "Vipnepin" {-Cast rF+++ rC+
                  | rCorr}
  3503 | D:3      | Noticed Ijyb
  3511 | D:3      | Killed Ijyb
  3512 | D:3      | Reached XP level 7. HP: 25/41 MP: 2/10
  3739 | D:3      | You fall into a shaft and drop 3 floors!
  3748 | D:6      | Reached skill level 5 in Stealth
  3755 | D:6      | Reached skill level 4 in Fighting
  4043 | D:5      | Entered Level 5 of the Dungeon
  4230 | D:5      | Reached XP level 8. HP: 48/48 MP: 9/11
  4590 | D:5      | Found a glowing silver altar of Zin.
  4592 | D:5      | Found a sacrificial altar of Ru.
  4698 | D:5      | Reached skill level 5 in Fighting
  5450 | D:6      | Found Dorulum's Antique Weapon Emporium.
  5450 | D:6      | Found Todohetwoh's General Store.
  5458 | D:6      | Found Tiliys's Antique Armour Emporium.
  5592 | D:4      | Found a runed translucent gate.
  5592 | D:4      | Found a runed translucent gate.
  5594 | D:4      | Found a runed translucent gate.
  5623 | D:4      | Noticed pigah's ghost (amateur OpWn)
  6207 | D:4      | Reached XP level 9. HP: 42/55 MP: 12/14
  6887 | D:7      | Reached skill level 1 in Conjurations
  6941 | D:7      | Identified the +8 broad axe of Duty {freeze, rElec rPois
                  | rN+ Dex+3}
  7051 | D:7      | Noticed Dowan
  7053 | D:7      | Noticed Duvessa
  7066 | D:7      | Killed Dowan
  7067 | D:7      | Reached skill level 6 in Fighting
  7070 | D:7      | Killed Duvessa
  7347 | D:7      | Found a staircase to the Ecumenical Temple.
  7357 | Temple   | Entered the Ecumenical Temple
  7374 | Temple   | Became a worshipper of Gozag Ym Sagoz the Greedy
  8710 | D:8      | Upgraded the game from 0.30-a0-802-gb92711bcdf to
                  | 0.30-a0-808-g6e0788376e
  8725 | D:8      | Reached XP level 10. HP: 55/61 MP: 2/15
  8731 | D:7      | Reached skill level 7 in Fighting
  8731 | D:7      | Reached skill level 5 in Transmutations
  9180 | D:8      | Noticed a deep elf pyromancer
 10073 | D:8      | Learned a level 5 spell: Blade Hands
 10213 | D:9      | Identified the +6 falchion of the Boar {holy, rF+}
 10265 | D:9      | Identified the +6 ring mail of Taemil {rF+++ Str-3 Dex-2
                  | Slay+2}
 10268 | D:9      | Found a huge runed translucent gate.
 10269 | D:9      | Found a huge runed translucent gate.
 10546 | D:9      | Found a staircase to the Orcish Mines.
 10572 | D:9      | Reached skill level 1 in Unarmed Combat
 10977 | D:9      | Reached skill level 8 in Fighting
 11068 | D:9      | Reached skill level 5 in Spellcasting
 11068 | D:9      | Reached XP level 11. HP: 46/69 MP: 7/18
 11687 | D:9      | Found a huge runed translucent gate.
 11688 | D:9      | Found a huge runed translucent gate.
 11689 | D:9      | Noticed a death yak
 11690 | D:9      | Noticed a manticore
 11690 | D:9      | Noticed a manticore
 12196 | D:10     | Entered Level 10 of the Dungeon
 12213 | D:10     | Found a staircase to the Lair.
 12514 | D:10     | Found a hazy altar of Hepliaklqana.
 12515 | D:10     | Found a shimmering altar of Xom.
 12516 | D:10     | Noticed a two-headed ogre
 12594 | D:10     | Noticed Maurice
 12610 | D:10     | Killed Maurice
 12700 | D:10     | Reached skill level 9 in Fighting
 13079 | Lair:1   | Entered Level 1 of the Lair of Beasts
 13079 | Lair:1   | Noticed an oklob plant
 13080 | Lair:1   | Noticed a catoblepas
 13090 | Lair:1   | Killed an oklob plant
 13107 | Lair:1   | Killed a catoblepas
 13117 | Lair:1   | Reached skill level 5 in Unarmed Combat
 13863 | Lair:1   | Noticed Amaemon
 14141 | Lair:1   | Killed Amaemon
 14148 | Lair:1   | Reached skill level 10 in Fighting
 14148 | Lair:1   | Reached XP level 12. HP: 22/77 MP: 18/22
 14989 | Lair:2   | Noticed a four-headed hydra
 15010 | Lair:2   | Killed a four-headed hydra
 15158 | Lair:2   | Found a hole to the Spider Nest.
 16268 | Lair:3   | Found a staircase to the Swamp.
 16290 | Lair:3   | Noticed Kirke
 16305 | Lair:3   | Killed Kirke
 16306 | Lair:3   | Reached skill level 11 in Fighting
 16571 | Lair:3   | You fall into a shaft and drop 1 floor!
 16878 | Lair:4   | Reached XP level 13. HP: 38/84 MP: 19/25
 17178 | Lair:4   | Found a viscous altar of Jiyva.
 17178 | Lair:4   | Found a staircase to the Slime Pits.
 18314 | D:1      | Bought encrusted shadow dragon scales for 2380 gold pieces
 18314 | D:1      | Identified the +1 shadow dragon scales "Poiprir" {rC+
                  | Stlth++++} (You bought it in a shop on level 1 of the
                  | Dungeon)
 18687 | Lair:4   | Learned a level 6 spell: Iron Shot
 19443 | Lair:5   | Entered Level 5 of the Lair of Beasts
 19901 | Lair:5   | Reached skill level 12 in Fighting
 20054 | Lair:5   | Reached skill level 5 in Conjurations
 21143 | Lair:5   | Reached skill level 10 in Stealth
 21152 | Lair:5   | Gained mutation: Your large and strong wings let you fly.
                  | [Gargoyle growth]
 21152 | Lair:5   | Reached XP level 14. HP: 76/92 MP: 21/26
 22229 | Lair:5   | Bought the amulet "Ikojuf" {RegenMP Will- rCorr Int+3
                  | Dex+3} for 714 gold pieces
 22339 | D:9      | Learned a level 3 spell: Swiftness
 22646 | Orc:1    | Entered Level 1 of the Orcish Mines
 22646 | Orc:1    | Found Ogoink's Magic Scroll Boutique.
 22654 | Orc:1    | Reached skill level 13 in Fighting
 22670 | Orc:1    | Identified a scroll of acquirement
 22724 | Orc:1    | Noticed an orc warlord
 23238 | Orc:1    | Killed an orc warlord
 23447 | Orc:1    | Found a runed translucent gate.
 23447 | Orc:1    | Found a runed translucent gate.
 23448 | Orc:1    | Found a runed translucent gate.
 23453 | Orc:1    | Noticed Wuckunn's ghost (adept TrMo)
 23510 | Orc:1    | Reached skill level 10 in Unarmed Combat
 23510 | Orc:1    | Reached skill level 1 in Air Magic
 23732 | Orc:1    | Bought a scroll of identify for 20 gold pieces
 23732 | Orc:1    | Bought a scroll of identify for 20 gold pieces
 23736 | Orc:1    | Learned a level 3 spell: Ozocubu's Armour
 23745 | Orc:2    | Entered Level 2 of the Orcish Mines
 23895 | Orc:2    | Found a staircase to the Elven Halls.
 23966 | Orc:1    | Reached skill level 10 in Transmutations
 24473 | Orc:2    | Noticed Rupert
 24591 | Orc:2    | Reached skill level 1 in Armour
 25309 | D:12     | HP: 2/94 [large slime creature (22)]
 25988 | D:12     | Found a sparkling altar of Nemelex Xobeh.
 26268 | D:13     | Reached XP level 15. HP: 79/99 MP: 9/27
 26685 | D:13     | Reached skill level 5 in Armour
 27521 | D:13     | Found a gate to the Vaults.
 27593 | D:13     | Bought a potion of mutation for 128 gold pieces
 27593 | D:13     | Bought a potion of might for 64 gold pieces
 27593 | D:13     | Bought a potion of resistance for 160 gold pieces
 27593 | D:13     | Bought a potion of haste for 160 gold pieces
 27593 | D:13     | Bought a potion of might for 64 gold pieces
 27593 | D:13     | Bought a potion of curing for 48 gold pieces
 27593 | D:13     | Bought 2 potions of berserk rage for 160 gold pieces
 27812 | D:14     | Reached skill level 5 in Dodging
 29058 | D:14     | Found a runed translucent gate.
 29058 | D:14     | Found a runed translucent gate.
 29058 | D:14     | Found a runed translucent gate.
 29059 | D:14     | Noticed Ricoe's ghost (journeyman FoFi)
 29194 | D:15     | Entered Level 15 of the Dungeon
 29244 | D:15     | Reached skill level 1 in Ice Magic
 29910 | D:15     | Found a staircase to the Depths.
 30249 | D:15     | Reached XP level 16. HP: 89/105 MP: 28/28
 30509 | D:15     | Found Uxticu's Tremendous Tomes.
 30517 | D:15     | Acquired Sif Muna's Guidebook on Wintry Anemomancy
 30519 | D:15     | Acquired the ring "Taaluz" {MP+9 Int+6 Dex-3 Slay+3}
 30712 | D:6      | Bought a pair of glowing boots for 180 gold pieces
 30729 | D:6      | Learned a level 4 spell: Summon Lightning Spire
 30736 | D:6      | Learned a level 5 spell: Freezing Cloud
 30857 | Orc:1    | Killed Rupert
 31171 | Orc:2    | Reached skill level 1 in Summonings
 31488 | Orc:2    | Found Qed Feopp's Weapon Boutique.
 31488 | Orc:2    | Found Vojoos's Antique Weapon Shoppe.
 31954 | Orc:2    | Found Jidi Van's Distillery.
 31963 | Orc:2    | Bought a potion of heal wounds for 80 gold pieces
 31963 | Orc:2    | Bought a potion of haste for 160 gold pieces
 31963 | Orc:2    | Bought a potion of mutation for 128 gold pieces
 32008 | Orc:2    | Found Qenetiot's Armour Boutique.
 32008 | Orc:2    | Found Wotuu's Antique Weapon Shoppe.
 32205 | D:15     | Bought the Volume of the Morgue and the Body for 1600 gold
                  | pieces
 32405 | Orc:2    | Bought the +4 robe of Folly {Brill Will-∞ Int+8} for 578
                  | gold pieces
 32405 | Orc:2    | Found the +4 robe of Folly {Brill Will-∞ Int+8}
 32551 | Orc:1    | Learned a level 4 spell: Ice Form
 32625 | Spider:1 | Entered Level 1 of the Spider Nest
 33428 | Spider:2 | Reached skill level 10 in Earth Magic
 35320 | Spider:3 | Reached skill level 14 in Fighting
 35690 | Spider:3 | Reached skill level 10 in Spellcasting
 35699 | Spider:3 | Reached XP level 17. HP: 103/111 MP: 10/31
 35814 | Spider:3 | Reached skill level 10 in Conjurations
 36429 | Spider:4 | Entered Level 4 of the Spider Nest
 36669 | Spider:4 | Noticed Aizul
 37074 | Spider:4 | Killed Aizul
 37374 | Spider:4 | Learned a level 4 spell: Summon Lightning Spire
 37475 | Spider:4 | Noticed Arachne
 37487 | Spider:4 | Killed Arachne
 38062 | Spider:4 | Found the +3 pair of seven-league boots {Rampage+∞}
 38092 | Spider:4 | Got a gossamer rune of Zot
 38229 | Spider:4 | Reached skill level 15 in Fighting
 38414 | Spider:4 | Learned a level 5 spell: Alistair's Intoxication
 38626 | Swamp:1  | Entered Level 1 of the Swamp
 38636 | Swamp:1  | Acquired the +2 pair of gloves of Duty {*Slow rC+ Dex+3}
 38655 | Swamp:1  | Reached skill level 1 in Evocations
 38916 | Swamp:1  | Reached skill level 1 in Poison Magic
 38967 | Swamp:1  | You are sucked into a shaft and drop 1 floor!
 39154 | Swamp:1  | Paralysed by a fenstrider witch for 3 turns
 39196 | Swamp:1  | Reached XP level 18. HP: 119/119 MP: 32/32
 40249 | Swamp:3  | Noticed Jorgrun
 40257 | Swamp:3  | Killed Jorgrun
 40895 | Swamp:4  | Entered Level 4 of the Swamp
 41068 | Swamp:4  | Reached skill level 5 in Summonings
 41958 | Swamp:4  | Noticed a bone dragon
 41995 | Swamp:4  | Killed a bone dragon
 42198 | Swamp:4  | Got a decaying rune of Zot
 42474 | Vaults:1 | Entered Level 1 of the Vaults
 43033 | Vaults:1 | Reached skill level 5 in Evocations
 43175 | Vaults:1 | Reached XP level 19. HP: 124/124 MP: 33/33
 45295 | Vaults:1 | Demolished by a white very ugly thing

Illustrated notes

Levels and vault maps discovered:
D:1:      lightli_arrival_noodles, layout_basic, serial_shops,
          nicolae_shop_overgrown_old_shop, minmay_pentomino_o4
D:2:      layout_loops_cross, shapermc_ecumenical_altar_starsandcircs,
          uniq_robin, uniq_crazy_yiuf_cottage
D:3:      layout_loops_corners, portal_sewer_entry_d, uniq_ijyb
D:4:      layout_basic, gammafunk_ghost_icy, minmay_misc_feat_room
D:5:      layout_basic, jmf_multi_god_temple, serial_corexii_hall,
          chequers_hall_statues_y, corexii_hall_statues_x
D:6:      layout_basic, nicolae_wooded_promenade, grunt_decor_resistance
D:7:      layout_basic, minmay_temple_entry_tees, serial_corexii_hall,
          chequers_hall_statues_y, corexii_hall_statues_s, uniq_duvessa
D:8:      layout_loops_corners
D:9:      lemuel_bear_cage, layout_layer_cave, zombieorc2_lemuel
D:10:     layout_long_grid, regret_index_temple_of_mockery, david_lair_generic,
          uniq_maurice
D:11:     layout_rooms
D:12:     layout_long_grid, nemelex_diamond_rough_becter
D:13:     layout_basic, grunt_vaults_entry_tiered
D:14:     layout_big_octagon, gammafunk_ghost_spectres
D:15:     gammafunk_depths_entry_grave, layout_cave_pools,
          chequers_serial_rivers_micro_d, nicolae_shop_i_like_big_books
Temple:   dpeg_three_leaves_temple
Lair:1:   layout_misc_corridors, minivault_27, dpeg_stationary_puzzle,
          grunt_megastairs_5, lemuel_fruit_tree, serial_bayou_shore_a,
          infiniplex_staircase_pool_2, serial_bayou_shore_b, uniq_amaemon
Lair:2:   layout_layer_cave, nicolae_spider_entry_lesser_pyramids,
          grunt_megastairs_3, infiniplex_staircase_pool
Lair:3:   layout_cave_pods, swamp_mist_pool, lemuel_fruit_fields, uniq_kirke
Lair:4:   layout_cave_pods, nicolae_slime_entry_slimehenge, special_room
          [special_room_bee], cheibrodos_lair_lostbears, lemuel_fruit_fields
Lair:5:   evilmike_catoblepas_cave, layout_small_grid, portal_ice_cave_rime,
          roderic_batcave, pdpol_lair_cavern_descent, lemuel_fruit_fields
Swamp:1:  layout_basic_swamp, serial_swamp_ruin, evilmike_swamp_ruin_house_2,
          evilmike_swamp_ruin_house_6
Swamp:2:  layout_basic_swamp, evilmike_swamp_ruin_house_4, swamp_pool1
Swamp:3:  layout_basic_swamp, evilmike_swamp_ruin_rubble_1, uniq_jorgrun
Swamp:4:  swamp_pestilence, layout_basic_swamp
Spider:1: layout_cave_pods
Spider:2: layout_spider_delve, hangedman_spider_tarantella_strand
Spider:3: layout_spider_delve, nicolae_spider_cling_halls
Spider:4: johnstein_spider_rune_arachne_lair, uniq_aizul
Orc:1:    layout_caves, serial_shops, shop_statue, gammafunk_ghost_necromancy,
          mines4_lemuel
Orc:2:    st_orc_town, layout_diamond_mine, basic_altar, serial_shops,
          nicolae_shop_behind_doors, uniq_rupert
Vaults:1: nicolae_vaults_network_periphery, vaults_dpeg_spiral,
          dpeg_vaults_monster_box, v_rooms_6, vaults_room_fours,
          special_room_vaults [special_room_orc], layout_vaults_omnigrid

Skill      XL: |  1  2  3  4  5  6  7  8  9 10 11 12 13 14 15 16 17 18 19 |
---------------+----------------------------------------------------------+-----
Earth Magic    | 4 5 6 7 9 11 12 13 | 13.7
Fighting       | 1 2 3 4 5 6 8 10 11 12 13 14 15 | 15.0
Stealth        | 3 4 5 6 8 10 12 | 12.2
Transmutations | 1 2 3 4 6 7 8 9 10 | 10.2
Spellcasting   | 3 5 6 8 10 | 10.5
Conjurations   | 3 4 6 8 9 10 11 | 11.3
Unarmed Combat | 3 5 7 9 10 12 13 14 | 14.6
Air Magic      | 1 2 3 |  3.6
Armour         | 3 7 |  7.8
Dodging        | 3 5 7 |  7.1
Ice Magic      | 2 4 |  4.1
Summonings     | 1 3 6 |  6.6
Evocations     | 2 5 |  5.8
Poison Magic   | 1 4 |  4.0

Action                     |  1- 3 |  4- 6 |  7- 9 | 10-12 | 13-15 | 16-18 | 19-21 || total
---------------------------+-------+-------+-------+-------+-------+-------+-------++-------
  Melee: Unarmed           |       |    21 |       |   205 |   853 |   166 |   126 ||  1371
         Dagger            |       |     4 |       |       |       |       |       ||     4
         Punch             |       |     1 |       |    12 |    98 |    16 |    22 ||   149
         Quarterstaff      |       |    41 |    44 |     1 |       |       |       ||    86
         Staff             |       |       |     1 |     9 |    71 |    24 |     3 ||   108
         Broad axe         |       |       |       |       |       |     3 |       ||     3
   Cast: Sandblast         |    42 |    70 |   165 |   260 |    37 |       |       ||   574
         Petrify           |       |       |     1 |     5 |    17 |       |       ||    23
         Stone Arrow       |       |       |     1 |    16 |   153 |     1 |       ||   171
         Blade Hands       |       |       |       |    16 |    84 |    25 |    10 ||   135
         Swiftness         |       |       |       |       |     2 |     3 |       ||     5
         Ozocubu's Armour  |       |       |       |       |     2 |     1 |       ||     3
         Iron Shot         |       |       |       |       |       |   532 |    11 ||   543
         Ice Form          |       |       |       |       |       |     1 |       ||     1
         Freezing Cloud    |       |       |       |       |       |    10 |     6 ||    16
         Summon Lightning  |       |       |       |       |       |     2 |     3 ||     5
 Invoke: Call Merchant     |       |       |       |       |     2 |       |       ||     2
Ability: End Transformatio |       |       |       |       |     1 |     3 |     1 ||     5
  Evoke: Wand              |       |       |     7 |     1 |    22 |     2 |       ||    32
         Condenser vane    |       |       |       |       |       |       |     1 ||     1
    Use: Scroll            |       |       |    14 |    10 |    12 |     9 |     2 ||    47
         Potion            |       |       |       |     1 |     9 |     2 |     2 ||    14
   Stab: Sleeping          |       |     1 |     8 |       |     4 |       |       ||    13
         Petrified         |       |       |       |     2 |    22 |       |       ||    24
         Distracted        |       |       |       |     1 |     7 |     3 |     1 ||    12
 Armour: Robe              |     3 |    71 |   100 |   104 |       |   180 |       ||   458
         Ring mail         |       |       |       |   268 |   739 |    89 |    63 ||  1159
  Dodge: Dodged            |     7 |    79 |   101 |   250 |   448 |   283 |    95 ||  1263

Table legend: (Time is in decaauts)
 A = Elapsed time spent in this place.
 B = Non-inter-level travel time spent in this place.
 C = Inter-level travel time spent in this place.
 D = Time resting spent in this place.
 E = Time spent auto-exploring this place.
 F = Levels seen in this place.
 G = Mean time per level.
                   A        B        C        D        E       F      G
               +--------+--------+--------+--------+--------+-----+--------+
         Total |  45559 |  42494 |   3065 |   6557 |  27872 |  33 | 1380.6 |
       Dungeon |  20522 |  18715 |   1807 |   2830 |  12607 |  15 | 1368.1 |
        Temple |     96 |     81 |     15 |     13 |     57 |   1 |   96.0 |
          Lair |   8485 |   8090 |    395 |    993 |   5540 |   5 | 1697.0 |
         Swamp |   3714 |   3562 |    152 |    135 |   2792 |   4 |  928.5 |
   Spider Nest |   5974 |   5489 |    485 |   1051 |   3539 |   4 | 1493.5 |
  Orcish Mines |   3564 |   3355 |    209 |    612 |   1759 |   2 | 1782.0 |
        Vaults |   2472 |   2472 |      0 |    922 |   1026 |   1 | 2472.0 |
         Sewer |    727 |    727 |      0 |      0 |    551 |   1 |  727.0 |
               +--------+--------+--------+--------+--------+-----+--------+

Top non-repeatable levels by time:
  Lair:5: 2789 daAuts
     D:9: 2514 daAuts
Vaults:1: 2472 daAuts
    D:14: 2080 daAuts
    D:13: 1865 daAuts
   Orc:1: 1831 daAuts
Spider:2: 1804 daAuts
  Lair:2: 1761 daAuts
   Orc:2: 1732 daAuts
Spider:3: 1688 daAuts
Spider:4: 1642 daAuts
     D:7: 1598 daAuts
     D:5: 1567 daAuts
  Lair:4: 1554 daAuts
    D:10: 1479 daAuts
